 Dungeon Crawl Stone Soup version 0.29-a0-392-g297d3b089c (webtiles) character file.

Game seed: 11323311989144318688

237 sssmoke the Covered (level 5, 0/47 HPs)
             Began as a Minotaur Fighter on May 8, 2022.
             Slain by a gnoll shaman
             ... wielding a +0 whip
              (3 damage)
             ... on level 6 of the Dungeon.
             The game lasted 00:25:51 (2517 turns).

sssmoke the Covered (Minotaur Fighter)              Turns: 2517, Time: 00:25:52

Health: 0/47       AC:  9    Str: 22    XL:     5   Next: 77%
Magic:  4/4        EV:  9    Int:  5    God:
Gold:   144        SH:  5    Dex: 16    Spells: 4/4 levels left

rFire   . . .      SeeInvis .   a - +1 long sword (drain)
rCold   . . .      Faith    .   c - +0 buckler
rNeg    . . .      Spirit   .   b - +0 scale mail
rPois   .          Reflect  .   (helmet restricted)
rElec   .          Harm     .   (no cloak)
rCorr   .          Rampage  .   (no gloves)
Will    .....                   m - +1 pair of boots
Stlth   ..........              (no amulet)
HPRegen 0.15/turn               e - +6 ring of dexterity
MPRegen 0.09/turn               (no ring)

@: mighty, flying
A: horns 2, retaliatory headbutt
a: no special abilities


You were on level 6 of the Dungeon.
You visited 1 branch of the dungeon, and saw 4 of its levels.

You collected 144 gold pieces.

Inventory:

Hand Weapons
 a - a +1 long sword of draining (weapon)
 p - a +0 hunting sling
 r - a +0 giant club
Missiles
 i - 12 poisoned darts
 k - 73 stones (quivered)
Armour
 b - a +0 scale mail (worn)
 c - a +0 buckler (worn)
 m - a +1 pair of boots (worn)
Jewellery
 e - a +6 ring of dexterity (left hand)
 g - an amulet of regeneration
Scrolls
 d - a scroll of identify
Potions
 h - a potion of brilliance {unknown}
 l - a potion of resistance
 n - 2 potions of heal wounds
 o - a potion of curing {unknown}


   Skills:
 + Level 4.4 Fighting
 + Level 4.5 Long Blades
 + Level 1.4 Throwing
 + Level 5.1 Armour
 + Level 0.3 Dodging
 + Level 0.1 Stealth
 + Level 4.5 Shields


You had 4 spell levels left.
You didn't know any spells.
Your spell library contained the following spells:

 Spells                   Type           Power      Damage    Failure   Level
 Freeze                   Ice            0%         1d3       86%         1
 Static Discharge         Conj/Air       0%         N/A       95%         2
 Frozen Ramparts          Ice            0%         1d2       99%         3
 Hailstorm                Conj/Ice       0%         3d3       100%        4
 Lightning Bolt           Conj/Air       0%         1d11      100%        5
 Maxwell's Capacitive Co  Air            0%         ∞         100%        8


Dungeon Overview and Level Annotations

Branches:
Dungeon (3/15)

Altars:
Wu Jian


Innate Abilities, Weirdness & Mutations

You have a pair of horns on your head.
You reflexively headbutt those who attack you in melee.


Message History

* * * LOW HITPOINT WARNING * * *
The gnoll hits you but does no damage. The gnoll hits you with a +0 club.
* * * LOW HITPOINT WARNING * * *
The gnoll attacks as you move away! The gnoll closely misses you.
The gnoll hits you with a +0 club.
* * * LOW HITPOINT WARNING * * *
You barely miss the gnoll. You headbutt the gnoll.
You kill the gnoll!
You block the gnoll's attack.
You slash the gnoll!
The gnoll is severely wounded.
The gnoll hits you but does no damage.
It was a potion of flight.
You feel very buoyant.
You fly up into the air.
The gnoll hits you but does no damage. x2
You block the gnoll's attack.
It was a potion of heal wounds.
You feel much better. The gnoll hits you with a +0 whip.
The gnoll hits you with a +0 club.
The gnoll shaman hits you with a +0 whip!
* * * LOW HITPOINT WARNING * * *
You slash the gnoll!
You kill the gnoll!
The gnoll misses you. You block the gnoll shaman's attack.
The gnoll hits you but does no damage.
You hit the gnoll shaman. You drain the gnoll shaman.
The gnoll shaman is moderately wounded.
The gnoll hits you with a +0 whip.
* * * LOW HITPOINT WARNING * * *
The gnoll shaman hits you with a +0 whip.
* * * LOW HITPOINT WARNING * * *
The gnoll hits you with a +0 whip.
* * * LOW HITPOINT WARNING * * *
You block the gnoll shaman's attack.
You closely miss the gnoll.
The gnoll is heavily wounded.
The gnoll hits you but does no damage. You block the gnoll shaman's attack.
The gnoll closely misses you. You furiously retaliate!
You headbutt the gnoll!
You kill the gnoll!
The gnoll shaman hits you with a +0 whip.
You die...

###### ########
#....####......#
#...§#.§#......#
+§.§.g)§#......#
#.§§.#@.'......#####
#####+##§..g#..#..........#
.........§§§#..#..........#
........§§§§#..#..........#
.........§§§#..#..........#
......g.....+..#..........#
..((.(......#..#..........#
.(.......)..#..#..........#
..######....# #..........#


You could see a gnoll shaman (very drained).

Vanquished Creatures
  An ogre (D:6)
  A jelly (D:2)
  3 gnolls (D:6)
  2 adders (D:2)
  An ufetubus (D:2)
  A worm (D:3)
  4 dart slugs
  An orc (D:3)
  5 ball pythons
  A bat (D:3)
  11 endoplasms
  5 giant cockroaches
  6 hobgoblins
  4 jackals (D:3)
  A quokka (D:3)
  A frilled lizard (D:1)
  10 kobolds
  6 rats
64 creatures vanquished.

Vanquished Creatures (collateral kills)
  An endoplasm (D:2)
1 creature vanquished.

Vanquished Creatures (others)
  12 fungi (D:2)
  5 toadstools (D:2)
17 creatures vanquished.

Grand Total: 82 creatures vanquished

Notes
Turn   | Place    | Note
-------+----------+-------------------------------------------
     0 | D:1      | sssmoke the Minotaur Fighter began the quest for the Orb.
     0 | D:1      | Reached XP level 1. HP: 19/19 MP: 0/0
   107 | D:1      | Found a faded altar of an unknown god.
   117 | D:1      | Reached XP level 2. HP: 20/27 MP: 1/1
   381 | D:1      | Reached skill level 4 in Armour
   750 | D:2      | Found an ornate altar of the Wu Jian Council.
  1106 | D:2      | Reached XP level 3. HP: 30/33 MP: 2/2
  1444 | D:2      | Reached XP level 4. HP: 35/40 MP: 3/3
  2423 | D:3      | You fall into a shaft and drop 3 floors!
  2463 | D:6      | Noticed an ogre
  2471 | D:6      | Killed an ogre
  2472 | D:6      | Reached skill level 1 in Throwing
  2472 | D:6      | Reached skill level 5 in Armour
  2472 | D:6      | Reached XP level 5. HP: 32/47 MP: 4/4
  2515 | D:6      | HP: 2/47 [gnoll/+0 whip[a gnoll shaman] (3)]
  2517 | D:6      | Slain by a gnoll shaman

Illustrated notes

Levels and vault maps discovered:
D:1:      mainiacjoe_arrival_reflecting_pool, layout_rooms,
          hellmonk_ecumenical_altar_arch_garden, serial_bayou_pond_d,
          serial_park_tiny_1
D:2:      cheibrodos_fertilizer, layout_loops_ring, basic_altar
D:3:      layout_basic, uniq_natasha
D:6:      layout_gridville, mainiacjoe_overflow_alcove_1, serial_shops,
          kennysheep_little_box, uniq_pikel

Skill      XL: |  1  2  3  4 |
---------------+-------------+-----
Armour         | 4 5 |  5.1
Fighting       | 4 |  4.4
Shields        | 4 |  4.5
Long Blades    | 3 4 |  4.5
Throwing       | 1 |  1.4
Dodging        | |  0.3
Stealth        | |  0.1

Action                   |  1- 3 |  4- 6 || total
-------------------------+-------+-------++-------
Melee: Long sword        |    62 |    62 ||   124
       Headbutt          |    11 |    10 ||    21
Throw: Dart              |     1 |    24 ||    25
       Stone             |       |    21 ||    21
  Use: Scroll            |     7 |     1 ||     8
       Potion            |     1 |     3 ||     4
Armor: Scale mail        |    26 |    23 ||    49
Dodge: Dodged            |    21 |    29 ||    50
Block: Buckler           |    13 |    17 ||    30

Table legend: (Time is in decaauts)
 A = Elapsed time spent in this place.
 B = Non-inter-level travel time spent in this place.
 C = Inter-level travel time spent in this place.
 D = Time resting spent in this place.
 E = Time spent auto-exploring this place.
 F = Levels seen in this place.
 G = Mean time per level.
                   A        B        C        D        E       F      G
               +--------+--------+--------+--------+--------+-----+--------+
         Total |   2552 |    720 |   1832 |      0 |      0 |   4 |  638.0 |
       Dungeon |   2552 |    720 |   1832 |      0 |      0 |   4 |  638.0 |
               +--------+--------+--------+--------+--------+-----+--------+

Top non-repeatable levels by time:
     D:2: 1162 daAuts
     D:1: 739 daAuts
     D:3: 553 daAuts
     D:6: 96 daAuts
